 Dungeon Crawl Stone Soup version 0.23.0-3-gf3c87f2 (webtiles) character file.

Game seed: 13274794186849499412

51 Scud the Caller (level 3, 0/19 HPs)
             Began as a Tengu Summoner on Feb 22, 2019.
             Slain by a jackal (1 damage)
             ... on level 3 of the Dungeon.
             The game lasted 00:08:53 (1940 turns).

Scud the Caller (Tengu Summoner)                    Turns: 1940, Time: 00:08:53

Health: 0/19       AC:  3    Str:  8    XL:     3   Next: 81%
Magic:  1/7        EV: 13    Int: 16    God:
Gold:   93         SH:  0    Dex: 14    Spells: 2/6 levels left

rFire    + . .     SeeInvis .   b - +1 whip
rCold    x . .     Gourm    .   (no shield)
rNeg     . . .     Faith    .   a - +1 robe
rPois    .         Spirit   .   (helmet restricted)
rElec    .         Reflect  .   (no cloak)
rCorr    +         Harm     .   (no gloves)
MR       .....                  (boots unavailable)
Stlth    ++........             (no amulet)
HPRegen  0.06/turn              g - ring of resist corrosion
MPRegen  0.10/turn              m - ring of fire

@: very slightly contaminated
A: beak, talons 3
a: no special abilities


You were on level 3 of the Dungeon.
You were not hungry.

You visited 1 branch of the dungeon, and saw 3 of its levels.

You collected 93 gold pieces.

Inventory:

Hand Weapons
 b - a +1 whip (weapon)
Armour
 a - a +1 robe (worn)
Jewellery
 g - a ring of resist corrosion (left hand)
 m - a ring of fire (right hand)
Scrolls
 d - 2 scrolls of teleportation
 f - 3 scrolls of identify
 h - a scroll of fog
 i - a scroll of enchant armour
 n - a scroll of remove curse
Potions
 e - 2 potions of resistance
 l - a potion of heal wounds
Comestibles
 c - 6 rations


   Skills:
 + Level 2.4 Dodging
 + Level 2.2 Stealth
 + Level 0.5 Unarmed Combat
 + Level 2.4 Spellcasting
 * Level 5.8 Summonings


You had 2 spell levels left.
You knew the following spells:

 Your Spells              Type           Power        Failure   Level  Hunger
a - Summon Small Mammal   Summ           ###.         1%          1    #......
b - Call Canine Familiar  Summ           ###.....     5%          3    ###....

Your spell library contained the following spells:

 Spells                   Type           Power        Failure   Level  Hunger
 Call Imp                 Summ           ###.....     2%          2    ###....
 Summon Guardian Golem    Hex/Summ       ##......     19%         3    ###....
 Summon Ice Beast         Ice/Summ       ##......     52%         4    #####..
 Summon Lightning Spire   Summ/Air       ##......     52%         4    #####..


Dungeon Overview and Level Annotations

Branches:
Dungeon (3/15)

Altars:


Innate Abilities, Weirdness & Mutations

You have a beak for a mouth.
You have claws for feet.


Message History

Casting: Call Canine Familiar (safe; 5% risk of failure)
Confirm with . or Enter, or press ? or * to list all spells.
Your hound barely misses the jackal.
The jackal bites your hound.
Your hound bites the jackal but does no damage.
The jackal completely misses your hound.
Your hound barely misses the jackal.
The jackal misses you. The jackal barely misses your hound.
Your hound bites the jackal.
The jackal misses your hound.
Your quokka misses the jackal.
Your hound bites the jackal.
The jackal bites your hound.
Your quokka bites the jackal.
Your hound misses the jackal. Something bites your hound.
The jackal closely misses you.
Your quokka barely misses the jackal.
Your hound barely misses the jackal.
The jackal closely misses you. Something bites your hound.
The jackal bites you.
* * * LOW HITPOINT WARNING * * *
You barely miss the jackal. Your kick misses the jackal. You peck the jackal.
The jackal is severely wounded.
The jackal closely misses you. The jackal bites you.
You die...

####..........
##h.........
#...........
#.h........ #
#......### ..
#.....#####...
##.r...........
#..hh.#.........
#..@............
##.....###+#.....
#..............(.
#................
#................
#................
#...........####
#..............#
######.###.#.#.#


You could see 3 jackals, a friendly hound and a friendly quokka.

Vanquished Creatures
  An ooze (D:1)
  2 dart slugs (D:1)
  A ball python (D:1)
  2 giant cockroaches (D:2)
  6 goblins
  2 hobgoblins
  2 kobolds (D:2)
  5 bats
  6 frilled lizards
  3 rats
30 creatures vanquished.

Vanquished Creatures (collateral kills)
  2 worms
  3 orcs (D:2)
  3 bats (D:2)
  A goblin (D:1)
  2 hobgoblins
  A jackal (D:3)
  A quokka (D:3)
  2 frilled lizards
15 creatures vanquished.

Grand Total: 45 creatures vanquished

Notes
Turn   | Place    | Note
-------+----------+-------------------------------------------
     0 | D:1      | Scud the Tengu Summoner began the quest for the Orb.
     0 | D:1      | Reached XP level 1. HP: 10/10 MP: 4/4
    39 | D:1      | Reached skill level 5 in Summonings
   382 | D:1      | Reached XP level 2. HP: 12/15 MP: 3/6
   867 | D:1      | You fall through a shaft!
   941 | D:2      | Reached XP level 3. HP: 17/19 MP: 7/7
  1039 | D:2      | Learned a level 3 spell: Call Canine Familiar
  1940 | D:3      | Slain by a jackal

Skill      XL: |  1 |
---------------+----+-----
Summonings     | 5 |  5.8
Dodging        | |  2.4
Stealth        | |  2.2
Unarmed Combat | |  0.5
Spellcasting   | |  2.4

Action                   || total
-------------------------++-------
Melee: Unarmed           ||    63
       Kick              ||    22
       Peck              ||    11
       Whip              ||    45
 Cast: Summon Small Mamm ||    23
       Call Canine Famil ||     4
  Use: Potion            ||     5
       Scroll            ||     7
 Stab: Sleeping          ||     5
  Eat: Chunk             ||     4
Armor: Robe              ||    22
Dodge: Dodged            ||    89
